 Dungeon Crawl Stone Soup version 0.31-a0-202-g547052bce9 (webtiles) character file.

Game seed: 1804939898211476587

305 qw the Skirmisher (level 6, -1/35 HPs)
             Began as a Deep Elf Hunter on June 26, 2023.
             Slain by a gnoll
             ... wielding a +0 halberd
             ... led by a gnoll bouda
              (6 damage)
             ... on level 4 of the Dungeon.
             The game lasted 00:00:59 (2779 turns).

qw the Skirmisher (Deep Elf Hunter)                 Turns: 2779, Time: 00:00:59

Health: -1/35      AC:  8    Str: 10    XL:     6   Next: 16%
Magic:  8/8        EV: 16    Int: 14    God:
Gold:   176        SH:  0    Dex: 18    Spells: 5/5 levels left

rFire   . . .        Y - +0 shortbow
rCold   + . .        (shield currently unavailable)
rNeg    . . .        e - +0 ring mail
rPois   .            (no helmet)
rElec   .            (no cloak)
rCorr   .            l - +2 pair of gloves
SInv    .            (no boots)
Will    .....        k - amulet of the acrobat
Stlth   +            b - +5 ring of evasion
HPRegen 0.25/turn    f - ring of protection from cold
MPRegen 0.11/turn

%: acrobat
@: no status effects
A: no striking features
a: no special abilities


You were on level 4 of the Dungeon.
You visited 1 branch of the dungeon, and saw 4 of its levels.

You collected 176 gold pieces.


   Skills:
 - Level 2.0 Fighting
 + Level 9.6 Ranged Weapons
 - Level 2.4 Dodging
 - Level 1.2 Stealth


You had 5 spell levels left.
You didn't know any spells.
Your spell library was empty.

Inventory:

Hand Weapons
 Y - a +0 shortbow (weapon)
Armour
 e - a +0 ring mail (worn)
 l - a +2 pair of gloves (worn)
Jewellery
 b - a +5 ring of evasion (left hand)
 f - a ring of protection from cold (right hand)
 h - a +6 ring of strength
 k - an amulet of the acrobat (around neck)
Scrolls
 j - a scroll of identify
Potions
 d - a potion of invisibility {unknown}
 g - a potion of enlightenment {unknown}
 i - a potion of experience {unknown}

Dungeon Overview and Level Annotations

Branches:
Dungeon (4/15)
 Temple: D:4-7

Altars:
Ru
Sif Muna

Shops:
D:1 (


Message History

The arrow barely misses the gnoll.
Your attacks no longer feel as feeble.
The gnoll misses you. The gnoll closely misses you. The orc closely misses you.
You shoot an arrow. The arrow hits the orc.
The orc is moderately wounded.
The gnoll is no longer moving quickly.
The gnoll closely misses you. x2
The orc barely misses you. The gnoll misses you.
You shoot an arrow. The arrow barely misses the orc.
The arrow hits the gnoll but does no damage.
The gnoll closely misses you. The orc hits you but does no damage.
The gnoll completely misses you.
You shoot an arrow. The arrow completely misses the orc.
The arrow hits the gnoll!
The gnoll is severely wounded.
The gnoll is no longer moving quickly.
The gnoll misses you. The orc completely misses you.
The gnoll hits you from afar with a +0 spear.
You shoot an arrow. The arrow hits the orc!
You kill the orc!
The gnoll closely misses you. The gnoll hits you but does no damage.
You shoot an arrow. The arrow completely misses the gnoll.
The gnoll hits you from afar with a +0 halberd.
The gnoll barely misses you. The gnoll closely misses you.
You shoot an arrow. The arrow hits the gnoll.
The gnoll is almost dead.
The gnoll closely misses you. The gnoll barely misses you.
The gnoll hits you from afar with a +0 spear.
You shoot an arrow. The arrow barely misses the gnoll.
The gnoll closely misses you. The gnoll misses you.
The gnoll hits you from afar with a +0 spear.
The gnoll hits you from afar with a +0 halberd.
You shoot an arrow.
The arrow hits the gnoll but does no damage.
The gnoll is almost dead.
The gnoll misses you. The gnoll completely misses you.
The gnoll barely misses you.
You shoot an arrow. The arrow closely misses the gnoll.
The gnoll hits you with a +0 whip. The gnoll completely misses you.
The gnoll hits you from afar with a +0 halberd.
You die... ..# ..# g.## g.o

..# ..# #######g.#
#.)..@g).# #
#)#####g##
###.#####.# ...
..........########.#
####.###.)....... #
##...##.########
##.....#.#
##........#####
#.)...........#


You could see 3 gnolls.

Vanquished Creatures
  An ogre (D:4)
  A gnoll bouda (D:4)
  A hound (D:4)
  An orc wizard (D:4)
  5 gnolls
  2 adders
  2 worms
  A dart slug (D:3)
  4 orcs
  An endoplasm (D:3)
  3 giant cockroaches
  10 goblins
  5 hobgoblins
  2 jackals (D:1)
  3 quokkas
  2 ball pythons (D:1)
  3 bats (D:2)
  2 frilled lizards (D:2)
  3 kobolds
  13 rats
65 creatures vanquished.

Notes
Turn   | Place    | Note
-------+----------+-------------------------------------------
     0 | D:1      | qw the Deep Elf Hunter began the quest for the Orb.
     0 | D:1      | Reached XP level 1. HP: 12/12 MP: 3/3
     0 | D:1      | 0 ||| qw: Version: 0.3-a-22-g0ed2b0b
     0 | D:1      | 0 ||| qw: Game counter: 6340
     0 | D:1      | 0 ||| qw: Melee chars always use a shield: true
     0 | D:1      | 0 ||| qw: God list: Okawaru
     0 | D:1      | 0 ||| qw: Allow faded altars: false
     0 | D:1      | 0 ||| qw: Do Orc after clearing Dungeon:15 true
     0 | D:1      | 0 ||| qw: Do second Lair branch before Depths: true
     0 | D:1      | 0 ||| qw: Lair rune preference: random
     0 | D:1      | 0 ||| qw: Goals: Normal
     0 | D:1      | 0 ||| PLANNING D:1-11
   149 | D:1      | Reached XP level 2. HP: 16/16 MP: 4/4
   159 | D:1      | Reached skill level 6 in Ranged Weapons
   351 | D:1      | Found Affunwaf's Antique Weapon Emporium.
   654 | D:1      | 654 ||| UPGRADING to +0 ring mail.
   664 | D:1      | 664 ||| DROPPING +0 leather armour.
   665 | D:1      | 665 ||| UPGRADING to amulet of the acrobat.
   670 | D:1      | 670 ||| READING scroll labelled VUCVAE UDAUPET.
   671 | D:1      | 671 ||| READING 2 scrolls labelled HESIAPPE ORPHO.
   672 | D:1      | 672 ||| READING 2 scrolls labelled YCUUWA VENOMM.
   673 | D:1      | 673 ||| DROPPING scroll of butterflies.
   674 | D:1      | 674 ||| DROPPING scroll of vulnerability.
   683 | D:2      | Found a faded altar of an unknown god.
   702 | D:2      | Reached XP level 3. HP: 20/20 MP: 5/5
  1042 | D:2      | Reached skill level 7 in Ranged Weapons
  1954 | D:3      | Found a shimmering blue altar of Sif Muna.
  2251 | D:3      | Reached XP level 4. HP: 12/25 MP: 6/6
  2251 | D:3      | 2251 ||| FLEEEEING.
  2252 | D:3      | 2252 ||| FLEEEEING.
  2253 | D:3      | 2253 ||| FLEEEEING.
  2254 | D:3      | 2254 ||| FLEEEEING.
  2255 | D:3      | 2255 ||| FLEEEEING.
  2256 | D:3      | 2256 ||| FLEEEEING.
  2257 | D:3      | 2257 ||| FLEEEEING.
  2258 | D:3      | 2258 ||| FLEEEEING.
  2259 | D:3      | 2259 ||| FLEEEEING.
  2260 | D:3      | 2260 ||| FLEEEEING.
  2261 | D:3      | 2261 ||| FLEEEEING.
  2262 | D:3      | 2262 ||| FLEEEEING.
  2263 | D:3      | 2263 ||| STAIRDANCE
  2302 | D:2      | 2302 ||| UPGRADING to +2 pair of gloves.
  2307 | D:2      | 2307 ||| UPGRADING to +5 ring of evasion.
  2308 | D:2      | 2308 ||| UPGRADING to ring of protection from cold.
  2309 | D:2      | 2309 ||| READING scroll labelled BIEJIMOASOMM.
  2310 | D:2      | 2310 ||| READING scroll labelled XEH XEOFUX.
  2610 | D:3      | Found a sacrificial altar of Ru.
  2635 | D:4      | 2635 ||| STAIRDANCE
  2688 | D:4      | Reached skill level 8 in Ranged Weapons
  2706 | D:4      | Reached XP level 5. HP: 29/29 MP: 7/7
  2748 | D:4      | Noticed an ogre
  2750 | D:4      | 2750 ||| Stepping ~*~*~tactically~*~*~ (outnumbered).
  2758 | D:4      | Killed an ogre
  2759 | D:4      | Reached skill level 9 in Ranged Weapons
  2767 | D:4      | Reached XP level 6. HP: 29/35 MP: 8/8
  2777 | D:4      | HP: 7/35 [gnoll/+0 halberd[a gnoll bouda] (4)]
  2779 | D:4      | Slain by a gnoll

Levels and vault maps discovered:
D:1:      eino_arrival_tree_alley, layout_basic, serial_shops, shop,
          minmay_rat_gold_closets
D:2:      layout_basic, ebering_ecumenical_altar_rust, grunt_decor_mini_mirrors
D:3:      layout_loops_corners, led_sif_pool, nicolae_ru_path_of_blood
D:4:      layout_loops_ring, grunt_qazlal_sundering, temple_statues,
          serial_glass, glass_columns_c, glass_columns_a, nicolae_stop_n_shop_2,
          st_stairs_13

Skill      XL: |  1  2  3  4  5 |
---------------+----------------+-----
Ranged Weapons | 6 7 8 9 |  9.6
Fighting       | 2 |  2.0
Dodging        | |  2.4
Stealth        | |  1.2

Action                     |  1- 3 |  4- 6 || total
---------------------------+-------+-------++-------
   Fire: Shortbow          |   118 |    90 ||   208
    Use: Scroll            |     3 |     2 ||     5
 Armour: Leather armour    |     2 |       ||     2
         Ring mail         |     1 |    19 ||    20
  Dodge: Dodged            |    12 |    61 ||    73

Table legend:
 A = Non-vault XP
 B = Vault XP
 C = Vault XP percentage of total XP
 D = Non-vault monster count
 E = Vault monster count
 F = Vault count percentage of total count
                 A         B        C        D         E       F
            +---------+---------+-------+---------+---------+-------
      Total |     429 |       8 |   1.8 |      57 |       8 |  12.3
            +---------+---------+-------+---------+---------+-------
        D:1 |      19 |       8 |  29.6 |      12 |       8 |  40.0
        D:2 |      46 |       0 |   0.0 |      19 |       0 |   0.0
        D:3 |      71 |       0 |   0.0 |      15 |       0 |   0.0
        D:4 |     293 |       0 |   0.0 |      11 |       0 |   0.0
            +---------+---------+-------+---------+---------+-------
